 Dungeon Crawl Stone Soup version 0.21.1-1-g345015f (webtiles) character file.

139 kae the Ruffian (level 5, 0/45 HPs)
             Began as a Naga Transmuter on June 11, 2018.
             Slain by an orc priest
             ... wielding a +0 hand axe of distortion
              (2 damage)
             ... on level 3 of the Dungeon.
             The game lasted 00:02:47 (3397 turns).

kae the Ruffian (Naga Transmuter)                   Turns: 3397, Time: 00:02:49

Health: 0/45       AC:  3    Str: 13    XL:     5   Next: 22%
Magic:  7/8        EV: 10    Int: 13    God:
Gold:   136        SH:  0    Dex: 12    Spells: 3/9 levels left

rFire    . . .     SeeInvis +     - Unarmed
rCold    . . .     Gourm    .   (no shield)
rNeg     . . .     Faith    .   b - +0 robe
rPois    +         Spirit   .   (no helmet)
rElec    .         Reflect  .   r - +0 cloak
rCorr    .         Harm     .   (no gloves)
MR       .....                  (no barding)
Stlth    +.........             (no amulet)
HPRegen  0.15/turn              (no ring)
MPRegen  0.11/turn              (no ring)

@: very slow
A: large, see invisible, deformed body, poison resistance, slowness 2, slow
metabolism 1, spit poison 1, AC +1
a: Spit Poison


You were on level 3 of the Dungeon.
You were not hungry.

You visited 1 branch of the dungeon, and saw 3 of its levels.

You collected 136 gold pieces.

Inventory:

Missiles
 a - 21 arrows
Armour
 b - a +0 robe (worn)
 r - a +0 cloak (worn)
Jewellery
 j - a cursed ring of teleportation {unknown}
Scrolls
 g - 2 scrolls of remove curse
 h - a scroll of magic mapping {unknown}
 m - a scroll of enchant weapon {unknown}
 n - 3 scrolls of fog {unknown}
 o - a scroll of amnesia {unknown}
 q - a scroll of teleportation
Potions
 e - a potion of agility
 f - a potion of mutation
 i - a potion of degeneration
 k - 2 potions of curing {unknown}
 p - a potion of brilliance {unknown}
Books
 c - a book of Changes

   Spells                             Type                      Level
   a - Beastly Appendage              Transmutation                1
   b - Sticks to Snakes               Transmutation                2
   c - Spider Form                    Transmutation/Poison         3
   d - Ice Form                       Ice/Transmutation            4
   e - Blade Hands                    Transmutation                5
 l - a book of Misfortune

   Spells                             Type                      Level
   a - Confusing Touch                Hexes                        1
   b - Confuse                        Hexes                        3
   c - Gell's Gravitas                Translocation                3
   d - Petrify                        Transmutation/Earth          4
   e - Metabolic Englaciation         Hexes/Ice                    5
   f - Yara's Violent Unravelling     Hexes/Transmutation          5
Comestibles
 d - a ration


   Skills:
 + Level 2.0 Fighting
 + Level 2.3 Dodging
 * Level 4.1 Unarmed Combat
 + Level 2.6 Spellcasting
 + Level 2.6 Transmutations


You had 3 spell levels left.
You knew the following spells:

 Your Spells              Type           Power        Failure   Level  Hunger
a - Beastly Appendage     Tmut           #.....       8%          1    #......
b - Sticks to Snakes      Tmut           #.......     12%         2    ###....
c - Spider Form           Tmut/Pois      #.........   38%         3    ###....


Dungeon Overview and Level Annotations

Branches:
Dungeon (3/15)

Altars:
Cheibriados


Innate Abilities, Weirdness & Mutations

You cannot wear boots.
Your serpentine skin is tough. (AC +1)
You have supernaturally acute eyesight. (SInv)
Armour fits poorly on your strangely shaped body.
Your system is resistant to poisons. (rPois)
You cover ground very slowly.
You have a slow metabolism.
You can spit poison.


Message History

Beogh smites you!
You hit the orc priest.
The orc priest is severely wounded.
The orc priest invokes the aid of Beogh against you.
Beogh smites you!
You hit the orc priest but do no damage.
The orc priest is almost dead.
The orc priest mumbles some strange prayers to Beogh against you.
Beogh smites you!
* * * LOW HITPOINT WARNING * * *
Okay, then.
You barely miss the orc priest.
The orc priest is almost dead.
The orc priest hits you but does no damage.
Space bends around you.
* * * LOW HITPOINT WARNING * * *
You barely miss the orc priest.
The orc priest is almost dead.
The orc priest hits you with a hand axe of distortion.
You die...

.....# ......#
....... .......
....... .......
......o##########
$......@†).......
.......##<###...
....... #.....#
....... #.###....
..%.... ..# ..
....... .##
.........
.....#... .##


You could see an orc priest.

Vanquished Creatures
  Crazy Yiuf (D:2)
  Jessica (D:2)
  A gnoll (D:1)
  2 adders (D:2)
  An ooze (D:2)
  2 worms (D:2)
  A dart slug (D:1)
  2 orcs (D:3)
  2 giant cockroaches (D:2)
  8 goblins
  2 hobgoblins (D:2)
  3 jackals (D:1)
  5 kobolds
  7 bats
  2 frilled lizards
  3 rats (D:2)
  A fungus (D:2)
44 creatures vanquished.

Notes
Turn   | Place    | Note
-------+----------+-------------------------------------------
     0 | D:1      | kae the Naga Transmuter began the quest for the Orb.
     0 | D:1      | Reached XP level 1. HP: 18/18 MP: 3/3
    30 | D:1      | Reached XP level 2. HP: 5/25 MP: 1/5
   764 | D:1      | Reached XP level 3. HP: 21/31 MP: 6/6
  1547 | D:2      | Noticed Jessica
  1560 | D:2      | Killed Jessica
  1578 | D:2      | Reached XP level 4. HP: 26/38 MP: 7/7
  2114 | D:2      | Found a snail-covered altar of Cheibriados.
  2972 | D:2      | Found a runed door.
  2979 | D:2      | Learned a level 2 spell: Sticks to Snakes
  2983 | D:2      | Learned a level 3 spell: Spider Form
  2986 | D:2      | Noticed Crazy Yiuf
  2992 | D:2      | HP: 1/39 [Crazy Yiuf/quarterstaff of chaos (15)]
  2997 | D:2      | Killed Crazy Yiuf
  2997 | D:2      | Reached skill level 4 in Unarmed Combat
  2997 | D:2      | Reached XP level 5. HP: 2/45 MP: 2/8
  3396 | D:3      | HP: 2/45 [orc priest/hand axe of distortion (2)]
  3397 | D:3      | Slain by an orc priest

Skill      XL: |  1  2  3  4 |
---------------+-------------+-----
Dodging        | 2 |  2.3
Fighting       | 2 |  2.0
Unarmed Combat | 4 |  4.1
Spellcasting   | |  2.6
Transmutations | |  2.6

Action                   |  1- 3 |  4- 6 || total
-------------------------+-------+-------++-------
Melee: Unarmed           |    82 |    99 ||   181
       Headbutt          |     4 |     2 ||     6
       Punch             |     2 |     1 ||     3
 Cast: Beastly Appendage |     5 |    10 ||    15
       Spider Form       |       |     3 ||     3
 Abil: Spit Poison       |    12 |     2 ||    14
  Use: Scroll            |     4 |     1 ||     5
  Eat: Chunk             |     1 |     4 ||     5
       Ration            |       |     1 ||     1
Armor: Robe              |    24 |    26 ||    50
       Skin              |       |     2 ||     2
Dodge: Dodged            |    72 |    69 ||   141
